 Dungeon Crawl Stone Soup version 0.14.0-24-gfb45beb (webtiles) character file.

1860 Malachi the Cudgeler (level 8, 0/60 HPs)
             Began as a Mummy Berserker on Apr 22, 2014.
             Was an Elder of Trog.
             Killed from afar by an orc wizard (5 damage)
             ... with a magic dart
             ... on Level 5 of the Dungeon.
             The game lasted 00:11:16 (6248 turns).

Malachi the Cudgeler (Mummy Berserker)              Turns: 6248, Time: 00:11:16

HP   0/60        AC  8     Str 22      XL: 8   Next: 63%
MP   9/9         EV  6     Int  6      God: Trog [****..]
Gold 256         SH 19     Dex 11      Spells:  0 memorised,  7 levels left

rFire  x . .     SeeInvis .     p - +1,+2 whip (elec)
rCold  + . .     Clarity  .     k - +0 scale mail
rNeg   + + +     Conserve .     i - +0 shield
rPois  +         rCorr    .     (no helmet)
rElec  .         rRot     +     (no cloak)
SustAb . .       Spirit   .     (no gloves)
rMut   .         Warding  .     m - +0 pair of boots
Saprov . . .     Stasis   .     (no amulet)
MR     +....                    (no ring)
                                (no ring)

@: about to teleport, somewhat resistant to hostile enchantments, extremely
unstealthy
A: no food or potions, fire vulnerability, restore body, cold resistance 1, life
protection 3, poison resistance, torment resistance, unbreathing
a: Burn Spellbooks, Trog's Hand, Brothers in Arms, Renounce Religion


You were on level 5 of the Dungeon.
You worshipped Trog.
Trog was greatly pleased with you.
You were not hungry.

You visited 1 branch of the dungeon, and saw 6 of its levels.
You also visited: Ossuary.

You collected 256 gold pieces.

Inventory:

Hand weapons
 l - a cursed +1,+0 flail
 p - a +1,+2 whip of electrocution (weapon)
Missiles
 a - 7 needles of sleeping
Armour
 i - a +0 shield (worn)
 k - a +0 scale mail (worn)
 m - a +0 pair of boots (worn)
Magical devices
 c - a wand of cold (5)
Scrolls
 b - a scroll of random uselessness {unknown}
 d - 2 scrolls of identify
 e - 3 scrolls of teleportation
 f - a scroll of remove curse
 g - a scroll of noise {unknown}
 h - 2 scrolls of amnesia
 j - 2 scrolls of fog
 n - a scroll of fear {unknown}
 q - a scroll of enchant weapon I
Jewellery
 o - a cursed ring of teleportation


   Skills:
 + Level 4.2 Fighting
 * Level 5.5 Maces & Flails
 + Level 4.6 Armour
 + Level 4.4 Dodging
 + Level 0.1 Stealth
 + Level 3.1 Shields
 + Level 1.1 Evocations


You had 7 spell levels left.
You didn't know any spells.

Dungeon Overview and Level Annotations

Branches:
Dungeon (6/15)             Temple (0/1) D:5

Altars:
Dithmenos
Elyvilon
Nemelex Xobeh
Vehumet


Innate Abilities, Weirdness & Mutations

You do not eat or drink.
Your flesh is vulnerable to fire.
Your flesh is cold resistant.
You are immune to negative energy.
Your system is resistant to poisons.
You are immune to unholy pain and torment.
You can survive without breathing.


Message History

You block the orc's attack.
You hit the orc but do no damage.
The orc is moderately wounded.
Something hits you but does no damage. You block the orc's attack.
You block the orc's attack.
You completely miss the orc.
The orc is moderately wounded.
You hear some strange, mumbled words.
The magic dart hits you!
* * * LOW HITPOINT WARNING * * *
You block the orc's attack.
You can't drink.
Read which item? (? for menu, Esc to quit)
As you read the scroll of teleportation, it crumbles to dust.
You feel strangely unstable. You block the orc's attack.
Something hits you but does no damage. The orc hits you but does no damage.
The orc hits you with a falchion.
* * * LOW HITPOINT WARNING * * *
The magic dart hits you!
You die...

##.#
##.#######
###'#######
##...###
#.........#
#......#
#.........#
#......#
#..[......#
#......#
#>.....>..+
+......#
#...[.....#
#......#
#.....)o..#
#......#
+...%..[.@#
#......#
#.[....o..#
#......+
#......?..#
#......#
#.$.......#
#......#
#.........#
##'#####
#'###.#####
#.## .. #.#
#..# .## #.#
####'#######
> .
#..........#


You could see 2 orcs.

Vanquished Creatures
  Pikel (D:5)
  Grinder (D:3)
  An ogre (D:4)
  An elf zombie (Ossuary)
  3 crimson imps
  3 centaur zombies (Ossuary)
  An orc priest (D:5)
  A human zombie (Ossuary)
  A hound (D:4)
  2 orc wizards
  A worker ant (D:4)
  Ijyb (D:3)
  An ogre skeleton (D:4)
  2 hound zombies (Ossuary)
  A hound skeleton (D:4)
  3 mummies (Ossuary)
  5 gnolls
  3 adders
  2 shadow imps
  3 worms
  2 giant mites
  3 adder zombies (Ossuary)
  3 giant geckos
  2 oozes
  22 orcs
  2 ball pythons
  4 giant cockroaches
  3 gnoll zombies (Ossuary)
  11 goblins
  12 hobgoblins
  11 jackals
  9 kobolds
  17 bats
  4 giant newts
  6 goblin zombies (Ossuary)
  A hobgoblin zombie (Ossuary)
  6 jackal zombies (Ossuary)
  3 kobold zombies
  An orc zombie (Ossuary)
  4 quokkas
  2 quokka zombies (Ossuary)
  8 rats
  2 rat zombies (Ossuary)
175 creatures vanquished.

Notes
Turn   | Place    | Note
--------------------------------------------------------------
     0 | D:1      | Malachi, the Mummy Berserker, began the quest for the Orb.
     0 | D:1      | Reached XP level 1. HP: 18/18 MP: 1/1
   276 | D:1      | Reached XP level 2. HP: 21/24 MP: 2/2
   769 | D:1      | Reached XP level 3. HP: 13/29 MP: 3/3
  1319 | D:1      | Acquired Trog's second power
  2158 | D:2      | Reached XP level 4. HP: 32/35 MP: 4/4
  2822 | D:3      | Noticed Ijyb
  2846 | D:3      | Killed Ijyb
  2905 | D:3      | Reached XP level 5. HP: 39/41 MP: 5/5
  2984 | D:3      | Found a radiant altar of Vehumet.
  2987 | D:3      | Found a sparkling altar of Nemelex Xobeh.
  2991 | D:3      | Found a shadowy altar of Dithmenos.
  2994 | D:3      | Found a white marble altar of Elyvilon.
  3406 | D:3      | Reached skill level 1 in Shields
  3442 | D:3      | HP: 2/41 [orc/flail (3)]
  3962 | D:3      | Noticed Grinder
  3980 | D:3      | Killed Grinder
  3980 | D:3      | Reached XP level 6. HP: 30/47 MP: 6/6
  4213 | D:4      | Reached skill level 4 in Maces & Flails
  4284 | D:4      | Reached XP level 7. HP: 45/52 MP: 7/7
  4286 | D:4      | Acquired Trog's third power
  5145 | D:5      | Entered Level 5 of the Dungeon
  5235 | D:5      | Noticed Pikel
  5244 | D:5      | Killed Pikel
  5244 | D:5      | Reached skill level 5 in Maces & Flails
  5244 | D:5      | Reached XP level 8. HP: 53/60 MP: 9/9
  5458 | D:5      | Reached skill level 1 in Evocations
  5485 | D:5      | Found a sand-covered staircase.
  5511 | D:5      | Found a staircase to the Ecumenical Temple.
  5527 | Ossuary  | Entered an ossuary
  6248 | D:5      | Killed from afar by an orc wizard

Action                   |  1- 3 |  4- 6 |  7- 9 || total
-------------------------+-------+-------+-------++-------
Melee: Mace              |   160 |   185 |       ||   345
       Flail             |       |    59 |    91 ||   150
       Whip              |       |       |   232 ||   232
Invok: Trog's Hand       |       |     2 |     1 ||     3
Evoke: Wand              |       |     3 |     7 ||    10
  Use: Scroll            |       |     7 |     4 ||    11
